 Dungeon Crawl Stone Soup version 0.29-a0-334-gb41bcbb86e (webtiles) character file.

Game seed: 7600012306429860293

5429 spaghetti the Reanimator (level 10, -2/75 HPs)
             Began as a Deep Dwarf Necromancer on Apr 15, 2022.
             Was a Believer of Ru.
             Killed from afar by Maggie (32 damage)
             ... with a bolt of fire
             ... on level 9 of the Dungeon.
             The game lasted 00:23:42 (10832 turns).

spaghetti the Reanimator (Deep Dwarf Necromancer)  Turns: 10832, Time: 00:23:42

Health: -2/75      AC:  6    Str: 12    XL:     10   Next: 40%
Magic:  2/12       EV: 10    Int: 20    God:    Ru [**....]
Gold:   462        SH:  0    Dex: 13    Spells: 5/17 levels left

rFire   . . .      SeeInvis .   a - +0 short sword (vamp) {short}
rCold   . . .      Faith    .   (no shield)
rNeg    + . .      Spirit   .   A - +1 ring mail "Hais" {Fly rElec rN+}
rPois   .          Reflect  .   (no helmet)
rElec   +          Harm     .   (no cloak)
rCorr   .          Rampage  .   (no gloves)
Will    +....                   (no boots)
Stlth   +.........              (no amulet)
HPRegen 0.00/turn               (no ring)
MPRegen 0.13/turn               (no ring)

@: flying
A: damage resistance, heal wounds, sense surroundings 2, inability to use
devices, no regeneration
a: Heal Wounds, Renounce Religion


You were on level 9 of the Dungeon.
You worshipped Ru.
Ru was pleased with you.
You visited 2 branches of the dungeon, and saw 10 of its levels.
You also visited: Ossuary.

You collected 462 gold pieces.


Innate Abilities, Weirdness & Mutations

You are resistant to damage.
You can heal yourself by infusing magical energy.
You passively map the area around you.
You cannot study or use magical devices.
You do not regenerate.


   Skills:
 + Level 10.8 Short Blades
 - Level 2.1 Dodging
 - Level 2.4 Stealth
 - Level 4.0 Spellcasting
 - Level 11.0 Necromancy


You had 5 spell levels left.
You knew the following spells:

 Your Spells              Type           Power      Damage    Failure   Level
a - Pain                  Necr           100%       1d9       1%          1
b - Vampiric Draining     Necr           48%        2d9       1%          3
c - Animate Dead          Necr           24%        N/A       3%          4
d - Dispel Undead         Necr           48%        3d18      3%          4

Your spell library contained the following spells:

 Spells                   Type           Power      Damage    Failure   Level
 Animate Skeleton         Necr           96%        N/A       1%          1
 Corpse Rot               Necr/Air       52%        N/A       4%          2
 Agony                    Necr           48%        N/A       9%          5
 Foxfire                  Conj/Fire      16%        2x1d4     28%         1
 Freeze                   Ice            16%        1d4       28%         1
 Sting                    Tmut/Pois      16%        1d3       28%         1
 Poisonous Vapours        Pois/Air       8%         N/A       41%         2
 Conjure Flame            Conj/Fire      4%         6-21      65%         3
 Frozen Ramparts          Ice            8%         1d2       65%         3
 Inner Flame              Hex/Fire       4%         N/A       65%         3
 Flame Wave               Conj/Fire      4%         2d5       96%         4
 Hailstorm                Conj/Ice       4%         3d4       96%         4
 Ice Form                 Ice/Tmut       4%         N/A       96%         4
 Olgreb's Toxic Radiance  Pois           4%         N/A       96%         4
 Summon Ice Beast         Ice/Summ       4%         N/A       96%         4
 Death Channel            Necr           24%        N/A       43%         6

Inventory:

Hand Weapons
 a - a +0 vampiric short sword (weapon) {short}
   (You found it on level 5 of the Dungeon)
 c - a +0 quarterstaff {staff}
   (You found it on level 1 of the Dungeon)
 e - a +0 dagger {short}
   (You took it off a goblin on level 1 of the Dungeon)
 f - a +0 dagger {short}
   (You took it off a kobold on level 1 of the Dungeon)
 h - a +1 dagger of holy wrath {short}
   (You took it off a goblin on level 1 of the Dungeon)
 i - a +0 rapier {short}
   (You found it on level 1 of the Dungeon)
 q - a +4 dagger {short}
   (You took it off a wight on level 7 of the Dungeon)
 s - a +1 dagger of venom {short}
   (You took it off an orc on level 2 of the Dungeon)
 v - the +5 morningstar of Raroqau {freeze, Will++ Str+3, mace}
   (You found it on level 3 of the Dungeon)

   It freezes those it strikes, dealing additional cold damage.
   It can also slow down cold-blooded creatures.
   Str:       It affects your strength (+3).
   Will:      It greatly increases your willpower.
 J - a +4 rapier {short}
   (You found it on level 7 of the Dungeon)
 Q - a +1 short sword of speed {short}
   (You took it off an orc warrior on level 9 of the Dungeon)
Missiles
 d - 5 boomerangs of dispersal {=f!fthrowing}
 n - 4 poisoned darts {throwing}
 z - 98 stones {throwing}
 C - 12 boomerangs {throwing}
 F - 3 javelins {throwing}
 M - a curare-tipped dart {=fthrowing}
Armour
 g - a +0 robe
 p - the +2 robe of Jehexuaz {Rampage Will+ Dex-3}
   (You found it on level 2 of the Dungeon)

   Dex:       It affects your dexterity (-3).
   Rampage:   It bestows one free step when moving towards enemies.
   Will:      It increases your willpower.
 A - the +1 ring mail "Hais" (worn) {Fly rElec rN+}
   (You found it on level 4 of the Dungeon)

   rElec:     It insulates you from electricity.
   rN:        It protects you from negative energy.
   Fly:       It grants you flight.
Jewellery
 L - a ring of resist corrosion
   (You found it on level 8 of the Dungeon)
Wands
 y - a wand of flame (14)
   (You took it off Jessica on level 3 of the Dungeon)
 E - a wand of acid (3)
   (You found it on level 4 of the Dungeon)
 K - a wand of iceblast (10)
   (You found it on level 8 of the Dungeon)
 N - a wand of mindburst (20)
   (You took it off Maurice on level 8 of the Dungeon)
Scrolls
 k - 3 scrolls of blinking {!r}
 l - 6 scrolls of fog
 m - 2 scrolls of immolation {!r!r}
 t - 2 scrolls of noise {!r}
 u - a scroll of enchant armour
 D - a scroll of holy word
 H - 2 scrolls of torment {!r}
 P - a scroll of amnesia
Potions
 b - 2 potions of magic
 j - 3 potions of flight
 w - 2 potions of mutation {!q}
 x - 6 potions of attraction {!q}
 B - a potion of brilliance
 G - 2 potions of degeneration {!q@e2}
 I - 2 potions of curing {@q1}

Dungeon Overview and Level Annotations

Branches:
Dungeon (9/15)             Temple (1/1) D:5         Ossuary (visited)
   Lair: D:8-11         Orc: D:9-12

Altars:
Ashenzari
Dithmenos
Elyvilon
Fedhas
Gozag
Hepliaklqana
Kikubaaqudgha
Makhleb
Nemelex Xobeh
Okawaru
Qazlal
Ru
Sif Muna
Trog
Uskayaw
Wu Jian
Xom
Yredelemnul
Zin
The Shining One

Annotations:
D:3 1 runed translucent door, 2 transporters, Crazy Yiuf; snackwell's ghost, amateur BaAM
D:6 1 runed translucent door
D:9 Maggie

##.....................
,, ,
##......(..............
##............?.......
, ,
##................... ,
##.......)...........,
##.................. ,
, ##.................
,, ##....)@g.........,
##...D@....(..... *
##..............,
##....)).......
##...........#*
##.........##
###########


You could see Maggie, a steam dragon and a gnoll shaman.


Message History

Maggie hits you with a +0 scimitar! The steam dragon bites you!
The steam dragon claws you but does no damage. 😮 HP[+10]
You regained 10 hp, and now have 44/75 hp.
Unknown command.
Unknown command.
Unknown command.
You barely miss the steam dragon.
You are engulfed in a cloud of scalding steam.
The gnoll shaman hits you with a +0 club.
Maggie casts a spell at you. The bolt of fire hits you!!
* * * LOW HITPOINT WARNING * * *
The steam dragon barely misses you.
The steam dragon claws you but does no damage. 😨 HP[-20]
You take 20 damage, and now have 24/75 hp.
MASSIVE DAMAGE!! (PAUSE)
Okay, then.
You feel better.
Maggie says, "If you die in the Dungeon, but nobody's around to see it, does it really matter?"
Maggie hits you with a +0 scimitar!
* * * LOW HITPOINT WARNING * * *
The steam dragon breathes steam at you. The ball of steam hits you!
* * * LOW HITPOINT WARNING * * *
The gnoll shaman hits you with a +0 club!
* * * LOW HITPOINT WARNING * * *
😱 HP[-11] MP[+1]
You take 11 damage, and now have 13/75 hp.
Unknown command.
Okay, then.
You feel much better.
You are engulfed in a cloud of scalding steam.
* * * LOW HITPOINT WARNING * * *
The gnoll shaman hits you with a +0 club.
* * * LOW HITPOINT WARNING * * *
Maggie hits you with a +0 scimitar!
* * * LOW HITPOINT WARNING * * *
The steam dragon bites you but does no damage.
The steam dragon closely misses you. 😱 HP[+5]
You regained 5 hp, and now have 18/75 hp.
Unknown command.
Unknown command.
You feel much better.
Maggie zaps a wand.
The puff of flame hits you.
The steam dragon bites you but does no damage.
The steam dragon claws you.
The gnoll shaman hits you with a +0 club. 😮 HP[+21]
You regained 21 hp, and now have 39/75 hp.
Unknown command.
You hit the steam dragon. You closely miss the steam dragon.
The gnoll shaman is stunned by your conviction and fails to attack.
Maggie closely misses you. The steam dragon closely misses you.
The steam dragon claws you. 😮 HP[-1]
You take 1 damage, and now have 38/75 hp.
You hit the steam dragon.
You hit the steam dragon but do no damage.
The gnoll shaman closely misses you.
Maggie begins to cast a spell, but is stunned by your conviction!
The steam dragon barely misses you. The steam dragon closely misses you.
You completely miss the steam dragon.
You break out of your daze.
The gnoll shaman hits you but does no damage.
The steam dragon bites you.
The steam dragon claws you but does no damage.
Maggie barely misses you.
You hit the steam dragon.
You feel better. 😮 HP[+3]
You regained 3 hp, and now have 41/75 hp.
You barely miss the steam dragon. The steam dragon bites you!
* * * LOW HITPOINT WARNING * * *
The steam dragon claws you but does no damage.
Maggie begins to cast a spell, but is stunned by your conviction!
The gnoll shaman hits you with a +0 club!
* * * LOW HITPOINT WARNING * * *
😨 HP[-11]
You take 11 damage, and now have 30/75 hp.
Unknown command.
You hit the steam dragon but do no damage.
You barely miss the steam dragon. The gnoll shaman closely misses you.
Maggie hits you but does no damage.
You redirect the steam dragon's attack!
The steam dragon bites itself.
The steam dragon completely misses itself.
You closely miss the steam dragon. 😨 MP[+1]
You barely miss the steam dragon. The steam dragon bites you.
The steam dragon closely misses you. The gnoll shaman misses you.
Maggie gestures wildly while chanting.
Maggie attempts to bespell you! You resist with almost no effort.
You barely miss the steam dragon. The gnoll shaman misses you.
Maggie casts a spell at you. The bolt of fire hits you!!
You die...

Skill      XL: |  1  2  3  4  5  6  7  8  9 10 |
---------------+-------------------------------+-----
Necromancy     | 5 6 7 8 9 11 | 11.0
Short Blades   | 6 9 10 | 10.8
Spellcasting   | 4 |  4.0
Dodging        | |  2.1
Stealth        | |  2.4

Action                   |  1- 3 |  4- 6 |  7- 9 | 10-12 || total
-------------------------+-------+-------+-------+-------++-------
Melee: Rapier            |    12 |    13 |       |       ||    25
       Dagger            |       |    18 |   257 |       ||   275
       Morningstar       |       |    57 |    23 |       ||    80
       Short sword       |       |       |   304 |   138 ||   442
       Punch             |       |       |     5 |     2 ||     7
Throw: Boomerang         |       |     7 |       |       ||     7
 Cast: Pain              |    56 |    30 |    20 |    10 ||   116
       Vampiric Draining |       |    32 |    71 |    51 ||   154
Invok: Sacrifice Artific |       |       |     1 |       ||     1
 Abil: Heal Wounds       |       |     2 |     3 |    12 ||    17
Evoke: Wand              |       |       |     1 |       ||     1
  Use: Potion            |     1 |       |    16 |     2 ||    19
       Scroll            |       |     5 |     2 |    10 ||    17
 Stab: Invisible         |       |       |     2 |       ||     2
Armor: Robe              |    10 |    22 |       |       ||    32
       Ring mail         |       |    35 |   168 |    53 ||   256
Dodge: Dodged            |    35 |   110 |   217 |    96 ||   458

Levels and vault maps discovered:
D:1:      grunt_arrival_crossed_arrows, layout_basic
D:2:      layout_basic, basic_altar, ebering_ecumenical_altar_mist,
          minmay_tall_x
D:3:      layout_basic, riverfiend_overflow_shadow_ancestor,
          nicolae_gozag_cash_rules_everything_around_me, gammafunk_ghost_arena,
          kennysheep_jessica_study, uniq_crazy_yiuf_cottage
D:4:      layout_basic, minmay_overflow_temple_hex, hangedman_decor_riveting,
          uniq_natasha
D:5:      layout_loops_cross, minmay_temple_entry_trees
D:6:      layout_rooms, dk_yredelemnul_ordeal, kennysheep_mini_moat,
          nicolae_ossuary_entry_catacombs, grunt_ministairs_13
D:7:      layout_basic, minmay_misc_feat_iff, uniq_prince_ribbit1
D:8:      layout_basic, serial_bayou_crossing, uniq_psyche, uniq_maurice
D:9:      layout_big_octagon, mainiacjoe_overflow_surrounded_room,
          minmay_diamond_spiral, uniq_maggie
Temple:   dpeg_three_leaves_temple

Notes
Turn   | Place    | Note
-------+----------+-------------------------------------------
     0 | D:1      | spaghetti the Deep Dwarf Necromancer began the quest for
                  | the Orb.
     0 | D:1      | Reached XP level 1. HP: 15/15 MP: 3/3
     0 | D:1      | magus.rc [v1.9.6]
   346 | D:1      | Reached XP level 2. HP: 22/22 MP: 2/4
   415 | D:1      | Reached skill level 5 in Necromancy
   843 | D:2      | Reached XP level 3. HP: 26/28 MP: 0/5
   950 | D:2      | Learned a level 3 spell: Vampiric Draining
  1236 | D:2      | Found a blossoming altar of Fedhas.
  1366 | D:2      | Found a faded altar of an unknown god.
  1458 | D:2      | Reached skill level 6 in Necromancy
  1490 | D:2      | Reached XP level 4. HP: 30/36 MP: 6/6
  1514 | D:2      | Identified the +2 robe of Jehexuaz {Rampage Will+ Dex-3}
  2041 | D:3      | Found an opulent altar of Gozag.
  2048 | D:3      | You pick up a book of Frost and begin reading...
  2048 | D:3      | You add the spells Freeze, Frozen Ramparts and Hailstorm to
                  | your library.
  2189 | D:3      | Found a hazy altar of Hepliaklqana.
  2190 | D:3      | Found a shadowy altar of Dithmenos.
  2190 | D:3      | Noticed a shadow
  2264 | D:3      | Found a runed translucent door.
  2265 | D:3      | Noticed Crazy Yiuf
  2369 | D:3      | Noticed snackwell's ghost (amateur BaAM)
  2369 | D:3      | Noticed a scorpion
  2372 | D:3      | Found a transporter.
  2372 | D:3      | Identified the +5 morningstar of Raroqau {freeze, Will++
                  | Str+3}
  2537 | D:3      | Noticed Jessica
  2547 | D:3      | Killed Jessica
  2548 | D:3      | Reached skill level 7 in Necromancy
  2548 | D:3      | Reached XP level 5. HP: 32/42 MP: 0/7
  2669 | D:3      | Found a transporter.
  2983 | D:4      | Noticed a black bear
  3055 | D:3      | Killed a black bear
  3056 | D:3      | Reached skill level 8 in Necromancy
  3056 | D:3      | Reached XP level 6. HP: 16/49 MP: 1/8
  3175 | D:4      | HP: 8/49 [orc priest/divine providence (13)]
  3271 | D:4      | Identified the +1 ring mail "Hais" {Fly rElec rN+}
  3345 | D:4      | Noticed Natasha
  3349 | D:4      | Killed Natasha
  3559 | D:4      | You pick up a book of Flames and begin reading...
  3559 | D:4      | You add the spells Foxfire, Conjure Flame, Inner Flame and
                  | Flame Wave to your library.
  3575 | D:4      | You add the spells Sting, Poisonous Vapours and Olgreb's
                  | Toxic Radiance to your library.
  3756 | D:4      | HP: 11/49 [phantom (4)]
  3771 | D:4      | Reached skill level 9 in Necromancy
  3778 | D:4      | Reached XP level 7. HP: 31/55 MP: 1/9
  3867 | D:4      | Found a burning altar of Makhleb.
  3867 | D:4      | Found an ornate altar of the Wu Jian Council.
  3867 | D:4      | Found a bloodstained altar of Trog.
  3867 | D:4      | Found a sacrificial altar of Ru.
  3875 | D:4      | Found an ancient bone altar of Kikubaaqudgha.
  3880 | D:4      | Found a stormy altar of Qazlal.
  4086 | D:5      | Entered Level 5 of the Dungeon
  4231 | D:5      | Found a staircase to the Ecumenical Temple.
  4329 | Temple   | Entered the Ecumenical Temple
  4453 | D:5      | Reached skill level 10 in Necromancy
  4672 | D:5      | You pick up a book of Rime and begin reading...
  4672 | D:5      | You add the spells Ice Form and Summon Ice Beast to your
                  | library.
  5122 | D:5      | Reached skill level 11 in Necromancy
  5190 | D:4      | Became a worshipper of Ru the Awakened
  5204 | D:4      | Noticed Natasha
  5209 | D:4      | Killed Natasha
  5210 | D:4      | Reached XP level 8. HP: 62/62 MP: 0/10
  5461 | D:6      | Reached skill level 1 in Short Blades
  5498 | D:6      | Reached skill level 2 in Short Blades
  5622 | D:6      | Reached skill level 3 in Short Blades
  5891 | D:6      | Reached skill level 4 in Short Blades
  5935 | D:6      | HP: 14/62 [human zombie (3)]
  5940 | D:6      | HP: 12/62 [human zombie (2)]
  5945 | D:6      | HP: 10/62 [human zombie (2)]
  5955 | D:6      | Gained mutation: You are robust. (+10% HP) [potion of
                  | mutation]
  5955 | D:6      | Lost mutation: You are robust. (+10% HP) [potion of
                  | mutation]
  5955 | D:6      | Gained mutation: You passively map the area around you.
                  | [potion of mutation]
  6061 | D:6      | Found a sand-covered staircase.
  6099 | Ossuary  | Entered an ossuary
  6167 | Ossuary  | Reached skill level 5 in Short Blades
  6288 | Ossuary  | Reached skill level 6 in Short Blades
  6375 | Ossuary  | HP: 12/62 [mummy (16)]
  6577 | D:6      | Found a runed translucent door.
  6579 | D:6      | Found a basalt altar of Yredelemnul.
  6603 | D:6      | Mutation became permanent: You passively map a small area
                  | around you. [Deep Dwarf growth]
  6603 | D:6      | Gained mutation: You passively map the area around you.
                  | [Deep Dwarf growth]
  6603 | D:6      | Reached XP level 9. HP: 61/68 MP: 4/11
  6693 | D:6      | Reached skill level 7 in Short Blades
  6714 | D:6      | You pick up a book of Decay and begin reading...
  6714 | D:6      | You add the spells Corpse Rot, Dispel Undead and Death
                  | Channel to your library.
  6720 | D:6      | Learned a level 4 spell: Animate Dead
  6892 | D:6      | Found a shimmering altar of Xom.
  6893 | D:6      | Gained mutation: You cannot study or use magical devices.
                  | [Ru sacrifice]
  6893 | D:6      | Reached * piety under Ru
  6893 | D:6      | Reached ** piety under Ru
  6913 | D:6      | Reached skill level 2 in Spellcasting
  7143 | D:7      | Noticed Prince Ribbit
  7154 | D:7      | Killed Prince Ribbit
  7823 | D:7      | Reached skill level 3 in Spellcasting
  8093 | D:7      | HP: 11/66 [wight/+4 dagger (8)]
  8532 | D:8      | Noticed a two-headed ogre
  8540 | D:8      | HP: 13/67 [two-headed ogre/+0 giant spiked club (21)]
  8546 | D:8      | Killed a two-headed ogre
  8547 | D:8      | Reached skill level 8 in Short Blades
  8547 | D:8      | Reached skill level 4 in Spellcasting
  8935 | D:8      | Noticed Maurice
  8956 | D:8      | Killed Maurice
  8957 | D:8      | Reached skill level 9 in Short Blades
  9057 | D:8      | Reached XP level 10. HP: 50/75 MP: 9/16
  9624 | D:8      | Learned a level 4 spell: Dispel Undead
 10169 | D:8      | Reached skill level 10 in Short Blades
 10174 | D:8      | HP: 17/75 [yak (13)]
 10469 | D:8      | Noticed Psyche
 10477 | D:8      | Killed Psyche
 10734 | D:9      | HP: 15/75 [something/ball of steam (18)]
 10755 | D:9      | Noticed Maggie
 10796 | D:9      | HP: 6/75 [something/ball of steam (20)]
 10818 | D:9      | HP: 15/75 [steam dragon/ball of steam (11)]
 10832 | D:9      | Killed from afar by Maggie

Vanquished Creatures
  A two-headed ogre (D:8)
  Maurice (D:8)
  Psyche (D:8)
  Prince Ribbit (D:7)
  4 yaks (D:8)
  A steam dragon (D:8)
  A water moccasin (D:6)
  A sky beast (D:5)
  An orc warrior (D:9)
  A black bear (D:3)
  A centaur (D:9)
  4 phantoms
  2 bullfrogs (D:7)
  3 kobold brigands
  An elf zombie (D:6)
  3 elf skeletons (D:6)
  6 scorpions
  4 wights (D:7)
  4 water moccasin zombies (Ossuary)
  3 howler monkeys
  A human zombie (D:6)
  4 hounds
  2 jellies
  5 orc priests
  A gnoll shaman (D:7)
  A human skeleton (D:6)
  Jessica (D:3)
  3 iguanas
  8 orc wizards
  Natasha (twice) (D:4)
  2 mummies (Ossuary)
  9 gnolls
  11 adders
  A shadow imp (D:6)
  2 white imps
  7 adder zombies (Ossuary)
  A dart slug (D:2)
  26 orcs
  2 bats
  5 endoplasms
  3 giant cockroaches
  6 gnoll zombies (Ossuary)
  9 goblins
  3 hobgoblins
  3 jackals (D:1)
  4 quokkas
  14 ball pythons
  2 frilled lizards
  A goblin skeleton (D:6)
  4 hobgoblin zombies (Ossuary)
  13 kobolds
  5 kobold zombies (Ossuary)
  9 orc zombies (Ossuary)
  9 rats
223 creatures vanquished.

Vanquished Creatures (others)
  An orc wizard (D:7)
  3 gnolls (D:9)
  3 orcs (D:9)
7 creatures vanquished.

Grand Total: 230 creatures vanquished

Table legend:
 A = Non-vault XP
 B = Vault XP
 C = Vault XP percentage of total XP
 D = Non-vault monster count
 E = Vault monster count
 F = Vault count percentage of total count
                 A         B        C        D         E       F
            +---------+---------+-------+---------+---------+-------
      Total |    5573 |    2183 |  28.1 |     172 |      56 |  24.6
            +---------+---------+-------+---------+---------+-------
        D:1 |      23 |       0 |   0.0 |      13 |       0 |   0.0
        D:2 |      67 |      30 |  30.9 |      23 |       4 |  14.8
        D:3 |     233 |      39 |  14.3 |      33 |       2 |   5.7
        D:4 |     380 |      33 |   8.0 |      20 |       1 |   4.8
        D:5 |     647 |       0 |   0.0 |      13 |       0 |   0.0
        D:6 |     813 |     512 |  38.6 |      17 |       9 |  34.6
        D:7 |     704 |     283 |  28.7 |      17 |       1 |   5.6
        D:8 |    2352 |     860 |  26.8 |      25 |       2 |   7.4
        D:9 |     354 |       0 |   0.0 |      11 |       0 |   0.0
    Ossuary |       0 |     426 | 100.0 |       0 |      37 | 100.0
            +---------+---------+-------+---------+---------+-------

Illustrated notes

Table legend:
 A = Kills in this place as a percentage of kills in entire the game.
 B = Kills by you in this place as a percentage of kills by you in the entire game.
 C = Kills by friends in this place as a percentage of kills by friends in the entire game.
 D = Other kills in this place as a percentage of other kills in the entire game.
 E = Experience gained in this place as a percentage of experience gained in the entire game.
 F = Experience gained in this place divided by the number of levels of this place that you have seen.
                   A       B       C       D       E      F
               +-------+-------+-------+-------+-------+----------------------
         Total | 100.0 | 100.0 |   N/A | 100.0 | 100.0 | 705.1
       Dungeon |  83.8 |  83.4 |   N/A | 100.0 |  94.5 | 814.4
       Ossuary |  16.2 |  16.6 |   N/A |   0.0 |   5.5 | 426.0
               +-------+-------+-------+-------+-------+----------------------

Table legend: (Time is in decaauts)
 A = Elapsed time spent in this place.
 B = Non-inter-level travel time spent in this place.
 C = Inter-level travel time spent in this place.
 D = Time resting spent in this place.
 E = Time spent auto-exploring this place.
 F = Levels seen in this place.
 G = Mean time per level.
                   A        B        C        D        E       F      G
               +--------+--------+--------+--------+--------+-----+--------+
         Total |  10697 |  10412 |    285 |   1379 |   7159 |  11 |  972.5 |
       Dungeon |  10341 |  10062 |    279 |   1379 |   7036 |   9 | 1149.0 |
        Temple |     98 |     92 |      6 |      0 |     76 |   1 |   98.0 |
       Ossuary |    257 |    257 |      0 |      0 |     47 |   1 |  257.0 |
               +--------+--------+--------+--------+--------+-----+--------+

Top non-repeatable levels by time:
     D:8: 2033 daAuts
     D:7: 1462 daAuts
     D:6: 1327 daAuts
     D:2: 1290 daAuts
     D:3: 1147 daAuts
     D:5: 1103 daAuts
     D:4: 1080 daAuts
     D:1: 748 daAuts
 Ossuary: 257 daAuts
     D:9: 148 daAuts
  Temple: 98 daAuts
